 Dungeon Crawl Stone Soup version 0.21-a0-507-ga8f6b7a (webtiles) character file.

64 theanonym the Chopper (level 3, -1/30 HPs)
             Began as a Demigod Fighter on Nov 27, 2017.
             Killed by nerve-wracking pain
             ... invoked by Jessica
              (5 damage)
             ... on level 2 of the Dungeon.
             The game lasted 00:01:27 (1198 turns).

theanonym the Chopper (Demigod Fighter)             Turns: 1198, Time: 00:01:28

Health: -1/30      AC:  6    Str: 26    XL:     3   Next: 64%
Magic:  5/5        EV:  7    Int: 12    God:
Gold:   77         SH: 10    Dex: 15    Spells: 2/2 levels left

rFire    . . .     SeeInvis .   a - +0 war axe
rCold    . . .     Gourm    .   c - +0 shield
rNeg     . . .     Faith    .   b - +0 scale mail
rPois    .         Spirit   .   (no helmet)
rElec    .         Reflect  .   (no cloak)
rCorr    .         Harm     .   (no gloves)
MR       .....                  (no boots)
Stlth    ..........             (no amulet)
HPRegen  0.10/turn              (no ring)
MPRegen  0.09/turn              (no ring)

@: mighty
A: high mp 1
a: no special abilities


Innate Abilities, Weirdness & Mutations

You have an increased reservoir of magic. (+10% MP)


   Skills:
 - Level 2.6 Fighting
 * Level 3.9 Axes
 - Level 2.6 Armour
 - Level 2.6 Shields


You had 2 spell levels left.
You didn't know any spells.

Skill      XL: |  1  2 |
---------------+-------+-----
Axes           | 2 3 |  3.9
Fighting       | |  2.6
Armour         | |  2.6
Shields        | |  2.6

Action                   || total
-------------------------++-------
Melee: War axe           ||   108
  Use: Potion            ||     2
  Eat: Chunk             ||     1
Armor: Scale mail        ||    42
Dodge: Dodged            ||    26
Block: Shield            ||    66

Inventory:

Hand Weapons
 a - a +0 war axe (weapon)
Armour
 b - a +0 scale mail (worn)
 c - a +0 shield (worn)
Scrolls
 e - a scroll of fear {unknown}
 i - a scroll of blinking {unknown}
 l - a scroll of remove curse {unknown}
 n - a scroll of magic mapping {unknown}
Potions
 h - a potion of cancellation {unknown}
 j - a potion of agility
 k - a potion of magic {unknown}
 m - a potion of lignification {unknown}
Comestibles
 f - a bread ration
 g - 3 chunks of flesh
 o - a meat ration
 p - a royal jelly

Dungeon Overview and Level Annotations

Branches:
Dungeon (2/15)

Annotations:
D:2 Jessica


You were on level 2 of the Dungeon.
You were not hungry.

You visited 1 branch of the dungeon, and saw 2 of its levels.

You collected 77 gold pieces.


Message History

A worm is nearby!
A worm is nearby!
You hit the worm. You block the worm's attack.
You hit the worm. You block the worm's attack.
You hit the worm. You hit the worm. The worm closely misses you.
Your shield and scale mail prevent you from hitting the worm.
You block the worm's attack.
You hit the worm. You block the worm's attack.
You slash the worm!
You kill the worm!
No target in view!
You butcher the worm corpse.
g - 4 chunks of flesh (gained 3)
Found a stone staircase leading up.
No target in view!
A hobgoblin and a kobold come into view.
The hobgoblin shouts!
You hear a shout!
The hobgoblin moves out of view.
Jessica the Apprentice Sorceress comes into view.
There are monsters nearby!
There are monsters nearby!
There are monsters nearby!
A kobold comes into view.
Jessica shouts!
The kobold shouts!
The kobold moves out of view.
Jessica points at you and mumbles some strange words.
You barely resist. 2 hobgoblins come into view.
The hobgoblin shouts!
Jessica casts a spell.
Jessica blinks!
You hit the hobgoblin.
The hobgoblin hits you but does no damage.
Your shield and scale mail prevent you from hitting the hobgoblin.
You block the hobgoblin's attack. Jessica hits you.
You take 4 damage, and have 26/30 hp.
You hit the hobgoblin but do no damage. You barely miss Jessica.
You block the hobgoblin's attack.
Jessica mumbles some strange words.
Jessica blinks!
The kobold hits you but does no damage.
The hobgoblin hits you but does no damage.
You completely miss the hobgoblin. You barely miss the kobold.
Jessica gestures wildly while chanting.
Jessica seems to speed up.
You block the hobgoblin's attack. You block the kobold's attack.
You barely miss the hobgoblin. You hit the kobold.
The kobold barely misses you. You block the hobgoblin's attack.
The hobgoblin hits you. The kobold closely misses you.
You take 1 damage, and have 25/30 hp.
You hit the hobgoblin.
You kill the hobgoblin!
You hit the kobold.
You kill the kobold!
Jessica drinks a potion.
Jessica suddenly seems more agile.
The hobgoblin barely misses you.
The hobgoblin hits you but does no damage.
You completely miss the hobgoblin. You hit the hobgoblin but do no damage.
The hobgoblin hits you.
The hobgoblin hits you but does no damage.
You take 2 damage, and have 23/30 hp.
You slash the hobgoblin!
You kill the hobgoblin!
You closely miss the hobgoblin.
Jessica mumbles some strange words.
Jessica blinks!
The hobgoblin hits you. The kobold barely misses you.
You take 2 damage, and have 21/30 hp.
You closely miss the kobold. You slash the hobgoblin!
You kill the hobgoblin!
Jessica casts a spell.
Jessica blinks!
You block the kobold's attack.
Your shield prevents you from hitting the kobold.
Jessica casts a spell.
Jessica blinks!
You block the kobold's attack.
You hit the kobold but do no damage. The kobold hits you but does no damage.
Jessica casts a spell.
Jessica blinks!
You block the kobold's attack.
Some of the chunks of flesh in your inventory have rotted away.
You hit the kobold.
You kill the kobold!
Jessica gestures at you while chanting. Pain shoots through your body!
* * * LOW HITPOINT WARNING * * *
You take 13 damage, and have 8/30 hp.
MASSIVE DAMAGE!!
Jessica points at you and mumbles some strange words.
You barely resist.
Things that are here:
a kobold corpse; a hobgoblin corpse x2
You completely miss Jessica.
Jessica casts a spell.
Jessica blinks!
Jessica gestures at you while chanting. Pain shoots through your body!
* * * LOW HITPOINT WARNING * * *
You take 4 damage, and have 4/30 hp.
You feel very mighty all of a sudden.
You closely miss Jessica. Jessica casts a spell at you.
Pain shoots through your body!
You die...

#...............≈≈........#
#........###≈≈≈≈≈≈###.....##
#.........###≈≈≈≈###......#.
#..........##########.##....
#..........##.........#..###
##........##..#..........###
##......###......######....
#########!@.#.### ##...
.......@###.# ##.##
........###.########..##
.......##.<..........###
....... #........#####
....... #........# .......
########## ....... .......


You could see Jessica.

Notes
Turn   | Place    | Note
-------+----------+-------------------------------------------
     0 | D:1      | theanonym the Demigod Fighter began the quest for the Orb.
     0 | D:1      | Reached XP level 1. HP: 18/18 MP: 3/3
   120 | D:1      | Reached skill level 2 in Axes
   448 | D:1      | Reached XP level 2. HP: 25/25 MP: 4/4
   795 | D:2      | Reached skill level 3 in Axes
   890 | D:2      | Reached XP level 3. HP: 23/30 MP: 5/5
  1055 | D:2      | Found a faded altar of an unknown god.
  1181 | D:2      | Noticed Jessica
  1194 | D:2      | HP: 8/30 [Jessica/nerve-wracking pain (14)]
  1198 | D:2      | Killed from afar by Jessica

Vanquished Creatures
  2 adders (D:2)
  2 worms (D:2)
  2 dart slugs (D:1)
  A giant cockroach (D:1)
  5 goblins
  5 hobgoblins (D:2)
  4 bats
  7 frilled lizards
  3 kobolds (D:2)
  9 rats
40 creatures vanquished.
